 Dungeon Crawl Stone Soup version 0.22-a0-247-gbddf880 (webtiles) character file.

692 Serpenta the Covert (level 7, -8/41 HPs)
             Began as an Octopode Ice Elementalist on Feb 24, 2018.
             Was a Follower of Dithmenos.
             Hit by a tomahawk of returning thrown by an orc warrior (16 damage)
             ... on level 6 of the Dungeon.
             The game lasted 00:16:45 (6360 turns).

Serpenta the Covert (Octopode Ice Elementalist)     Turns: 6360, Time: 00:16:45

Health: -8/41      AC:  1    Str:  7    XL:     7   Next: 63%
Magic:  8/10       EV: 13    Int: 17    God:    Dithmenos [*.....]
Gold:   330        SH:  0    Dex: 15    Spells: 4/10 levels left

rFire    . . .     SeeInvis .   w - +0 blowgun
rCold    . . .     Gourm    .   (no shield)
rNeg     + . .     Faith    .   (helmet restricted)
rPois    .         Spirit   .   (no amulet)
rElec    .         Reflect  .   p - ring of positive energy
rCorr    +         Harm     .   t - ring of resist corrosion
MR       .....                  (no ring)
Stlth    ++++++....             (no ring)
HPRegen  0.13/turn              (no ring)
MPRegen  0.12/turn              (no ring)
                                (no ring)
                                (no ring)

@: wreathed by umbra
A: almost no armour, stealthy swim, amphibious, 8 rings, constrict 8, camouflage
1, gelatinous body 1
a: Renounce Religion


You were on level 6 of the Dungeon.
You worshipped Dithmenos.
Dithmenos was aware of your devotion.
You were not hungry.

You visited 1 branch of the dungeon, and saw 6 of its levels.
You also visited: Sewer.

You collected 330 gold pieces.


Innate Abilities, Weirdness & Mutations

You cannot wear most types of armour.
You are very stealthy in the water. (Stealth+)
You are amphibious.
You can wear up to eight rings at the same time.
You can use your tentacles to constrict eight enemies at once.
Your skin changes colour to match your surroundings (Stealth+).
Your rubbery body absorbs attacks. (AC +1, EV +1)


   Skills:
 - Level 2.0 Dodging
 + Level 8.6 Stealth
 - Level 2.0 Spellcasting
 - Level 1.0 Conjurations
 + Level 6.4 Ice Magic


You had 4 spell levels left.
You knew the following spells:

 Your Spells              Type           Power        Failure   Level  Hunger
o - Ozocubu's Armour      Chrm/Ice       ##......     16%         3    ###....
A - Freeze                Ice            ###.         1%          1    #......
B - Throw Frost           Conj/Ice       ##....       6%          2    ###....

Action                   |  1- 3 |  4- 6 |  7- 9 || total
-------------------------+-------+-------+-------++-------
Melee: Dagger            |    13 |    45 |    15 ||    73
       Constrict         |     1 |    11 |     7 ||    19
       Tentacles         |       |    10 |     6 ||    16
       Short sword       |       |       |    10 ||    10
 Fire: Blowgun           |     4 |       |    25 ||    29
Throw: Tomahawk          |       |     1 |       ||     1
 Cast: Freeze            |    42 |    58 |    31 ||   131
       Ozocubu's Armour  |       |     1 |       ||     1
       Throw Frost       |       |     1 |     7 ||     8
Evoke: Wand              |       |     3 |     1 ||     4
  Use: Scroll            |       |     5 |       ||     5
       Potion            |       |     1 |     2 ||     3
 Stab: Sleeping          |     9 |    11 |     2 ||    22
       Distracted        |       |       |     1 ||     1
  Eat: Chunk             |     2 |     3 |     2 ||     7
       Ration            |       |     3 |     1 ||     4
Armor: Skin              |     6 |     3 |     4 ||    13
Dodge: Dodged            |    31 |    48 |    42 ||   121

Inventory:

Hand Weapons
 a - a +4 short sword of venom
 w - a +0 blowgun (weapon)
Missiles
 i - 3 tomahawks
 k - 25 poisoned needles (quivered)
Jewellery
 p - a ring of positive energy (left tentacle)
 t - a ring of resist corrosion (right tentacle)
Wands
 g - a wand of enslavement (11)
Scrolls
 b - a scroll of enchant armour
 c - a scroll of magic mapping {unknown}
 e - a scroll of random uselessness {unknown}
 h - a scroll of holy word {unknown}
 l - 2 scrolls of remove curse
 o - a scroll of immolation {unknown}
 q - 3 scrolls of teleportation
Potions
 d - 2 potions of curing
 j - a potion of brilliance {unknown}
 m - a potion of resistance {unknown}
 n - a potion of mutation {unknown}
 r - 4 potions of agility {unknown}
 s - a potion of heal wounds {unknown}
 u - a potion of might {unknown}
Comestibles
 f - 9 rations

#########'###
+..@.....oo..
#............
...###†########'
.)...............
.......).........
(................
.................
..o.(..........o.
........$........


You could see an orc warrior and an orc (wandering).

Vanquished Creatures
  An ogre (D:4)
  The ghost of Karim the Caller, an amateur GnSu (D:4)
  A big kobold (D:5)
  A bullfrog (D:3)
  3 hounds
  3 orc wizards
  A jelly (D:5)
  An iguana (D:5)
  3 adders
  A shadow imp (D:4)
  2 oozes
  An adder skeleton (D:3)
  3 worms
  4 leopard geckos
  7 orcs
  9 bats
  6 giant cockroaches
  9 goblins
  7 hobgoblins
  10 jackals
  A ball python (D:3)
  9 frilled lizards
  A jackal zombie (D:5)
  27 kobolds
  4 rats
116 creatures vanquished.

Vanquished Creatures (others)
  A wizard (D:3)
  An orc (D:6)
  A plant (D:5)
3 creatures vanquished.

Grand Total: 119 creatures vanquished

Vault maps used:
D:1:      minmay_arrival_three_doors
D:2:      minitemple, first_ration, kennysheep_cluttered_room, minivault_24,
          uniq_crazy_yiuf_cottage
D:3:      minivault_5, fountainhead, trog_wizard, uniq_purgy
D:4:      minmay_door_path, minmay_temple_entry_butterflies
D:5:      kennysheep_kobold_camp, nicolae_overflow_hidden_temple,
          gup_sewer_entry_glass, makhleb_heckhound_becter
D:6:      serial_bayou_lake_a, uniq_sigmund, uniq_eustachio
Sewer:    sewer_the_crocodile


Message History

You feel better.
The orc warrior throws a tomahawk of returning.
The tomahawk of returning hits you!!
* * * LOW HITPOINT WARNING * * *
The weapon returns to the orc warrior!
You feel better.
The orc warrior throws a tomahawk of returning.
The tomahawk of returning hits you.
* * * LOW HITPOINT WARNING * * *
The weapon returns to the orc warrior!
Enter note: come on
Casting: Throw Frost (safe; 6% risk of failure)
Confirm with . or Enter, or press ? or * to list all spells.
Aiming: Throw Frost (safe; 6% risk of failure)
Press: ? - help, Shift-Dir - straight line, f/p - orc warrior
Aim: an orc warrior, wielding a mace and wearing a chain mail (severely wounded, poisoned)
The puff of frost misses the orc warrior.
The orc warrior throws a tomahawk of returning.
The tomahawk of returning hits you!
You die...

Notes
Turn   | Place    | Note
-------+----------+-------------------------------------------
     0 | D:1      | Serpenta the Octopode Ice Elementalist began the quest for the Orb.
     0 | D:1      | Reached XP level 1. HP: 11/11 MP: 3/3
   100 | D:1      | Reached skill level 3 in Stealth
   174 | D:1      | Reached XP level 2. HP: 17/17 MP: 3/5
   910 | D:2      | Reached XP level 3. HP: 21/21 MP: 6/6
   920 | D:2      | Reached skill level 4 in Stealth
  1218 | D:1      | Learned a level 3 spell: Ozocubu's Armour
  1409 | D:2      | Reached XP level 4. HP: 27/27 MP: 5/7
  1524 | D:2      | Found a runed door.
  1573 | D:2      | Found a shattered altar of Ashenzari.
  1582 | D:2      | Found a basalt altar of Yredelemnul.
  1584 | D:2      | Found a shadowy altar of Dithmenos.
  1584 | D:2      | Found a deep blue altar of Sif Muna.
  1589 | D:2      | Became a worshipper of Dithmenos the Shadowed
  1591 | D:2      | Found a snail-covered altar of Cheibriados.
  1592 | D:2      | Found a hide-covered altar of Uskayaw.
  1891 | D:3      | Found a bloodstained altar of Trog.
  1892 | D:3      | Noticed a wizard
  1897 | D:3      | Killed a wizard
  2018 | D:3      | Reached skill level 5 in Stealth
  2720 | D:3      | Noticed Purgy
  2732 | D:3      | Noticed a bullfrog
  2736 | D:3      | Killed a bullfrog
  2736 | D:3      | Reached XP level 5. HP: 31/31 MP: 5/8
  2913 | D:3      | :/
  3584 | D:4      | Noticed Karim's ghost (amateur GnSu)
  3959 | D:4      | Reached skill level 6 in Stealth
  4146 | D:4      | Noticed an ogre
  4168 | D:3      | Learned a level 2 spell: Throw Frost
  4210 | D:4      | Killed Karim's ghost
  4210 | D:4      | Reached skill level 5 in Ice Magic
  4210 | D:4      | Reached XP level 6. HP: 29/36 MP: 0/9
  4495 | D:4      | Reached skill level 7 in Stealth
  4687 | D:4      | Found a staircase to the Ecumenical Temple.
  4817 | D:5      | Entered Level 5 of the Dungeon
  4879 | D:5      | Found a sparkling altar of Nemelex Xobeh.
  4968 | D:5      | Found a glowing drain.
  4998 | Sewer    | Entered a sewer
  5119 | Sewer    | :(
  5186 | D:5      | Found a burning altar of Makhleb.
  5189 | D:5      | Reached XP level 7. HP: 41/41 MP: 10/10
  5377 | D:5      | Reached * piety under Dithmenos
  5439 | D:5      | Reached skill level 8 in Stealth
  6360 | D:6      | come on
  6360 | D:6      | Hit by a tomahawk of returning thrown by an orc warrior
